 Seeded DCSS version 0.29.1-1-gd02db6906a (webtiles) character file.

Game seed: 1 (custom seed)

54161 Kazon the Carver (level 14, -2/116 HPs)
             Began as a Demonspawn Berserker on Sept 6, 2022.
             Was the Champion of Trog.
             Slain by a chaos spawn (5 damage)
             ... summoned by Frances
             ... on level 12 of the Dungeon on Oct 7, 2022.
             The game lasted 01:43:13 (13584 turns).

Kazon the Carver (Demonspawn Berserker)            Turns: 13584, Time: 01:43:13

Health: -2/116     AC: 13    Str: 27    XL:     14   Next: 33%
Magic:  14/14      EV: 14    Int:  9    God:    Trog [******]
Gold:   941        SH:  0    Dex: 14    Spells: 13/13 levels left

rFire   . . .      SeeInvis .   q - +0 demon whip (venom)
rCold   . . .      Faith    .   (no shield)
rNeg    . . .      Spirit   .   I - +0 troll leather armour
rPois   .          Reflect  .   o - +0 helmet
rElec   .          Harm     .   (no cloak)
rCorr   .          Rampage  .   (no gloves)
Will    +++..                   m - +2 pair of boots
Stlth   ++........              c - amulet of regeneration
HPRegen 2.89/turn               S - +6 ring of strength
MPRegen 0.14/turn               R - ring of flight

@: lethally poisoned (-2 -> -2), strong-willed, flying, regenerating, studying
Ranged Weapons
A: claws 2, yellow scales 2, powered by death 2, spiny 2
a: Renounce Religion, Berserk, Trog's Hand, Brothers in Arms


You were on level 12 of the Dungeon.
You worshipped Trog.
Trog was exalted by your worship.
You visited 2 branches of the dungeon, and saw 17 of its levels.
You also visited: Bailey.

You collected 1391 gold pieces.
You spent 450 gold pieces at shops.

Inventory:

Hand Weapons
 e - a +2 dagger of venom
 f - a +2 triple sword of flaming
 l - a +7 antimagic demon blade
 q - a +0 demon whip of venom (weapon)
 w - the +3 falchion of Winter {venom, rCorr}
   (You bought it in a shop on level 3 of the Dungeon)

   It poisons the flesh of those it strikes.
   rCorr:     It protects you from acid and corrosion.
Missiles
 h - 43 stones
 i - 10 poisoned darts
 j - 7 boomerangs
 p - 2 throwing nets
 B - 3 boomerangs of dispersal
 W - 4 curare-tipped darts (quivered)
 X - 3 silver javelins
 Y - 4 javelins
 Z - 3 atropa-tipped darts
Armour
 m - a +2 pair of boots (worn)
 o - a +0 helmet (worn)
 y - a +1 ring mail of cold resistance
 G - a +3 plate armour of poison resistance
 I - a +0 troll leather armour (worn)
Jewellery
 c - an amulet of regeneration (around neck)
 g - a ring of positive energy
 Q - a ring of ice
 R - a ring of flight (right claw)
 S - a +6 ring of strength (left claw)
Wands
 b - a wand of roots (6)
 u - a wand of flame (12)
 x - a wand of mindburst (16)
 M - a wand of digging (5)
Scrolls
 a - a scroll of brand weapon {unknown}
 k - a scroll of immolation {unknown}
 r - 3 scrolls of enchant weapon {unknown}
 s - a scroll of silence {unknown}
 v - 2 scrolls of vulnerability {unknown}
 J - 9 scrolls of teleportation
 L - a scroll of enchant armour {unknown}
 N - 5 scrolls of fog {unknown}
 O - 3 scrolls of fear {unknown}
 P - a scroll of amnesia {unknown}
 V - a scroll of poison {unknown}
Potions
 d - a potion of haste
 n - a potion of berserk rage
 z - a potion of ambrosia
 A - 6 potions of heal wounds
 C - 7 potions of curing
 D - 3 potions of mutation
 E - 3 potions of lignification {unknown}
 F - a potion of resistance
 K - a potion of invisibility
 T - 3 potions of might
 U - a potion of brilliance
Miscellaneous
 t - a phantom mirror
 H - a phial of floods


   Skills:
 + Level 12.5 Fighting
 + Level 2.1(8.9) Short Blades
 + Level 13.4(13.5) Long Blades
 + Level 8.2 Maces & Flails
 + Level 9.4 Throwing
 + Level 8.1 Armour
 + Level 5.4 Dodging
 + Level 3.1 Stealth
 + Level 10.2 Evocations


You had 13 spell levels left.
You didn't know any spells.
Your spell library was empty.

Dungeon Overview and Level Annotations

Branches:
Dungeon (12/15)            Temple (0/1) D:7            Lair (5/5) D:10
 Shoals (0/4) Lair:3       Spider (0/4) Lair:3        Slime (0/5) Lair:4
 Bailey (visited)
    Orc: D:9-12

Altars:
Hepliaklqana
Uskayaw
Jiyva

Shops:
D:3 (   D:7 !   D:8 *   D:10 *

Annotations:
D:12 Frances, Nessos


Innate Abilities, Weirdness & Mutations

You have very sharp fingernails.
You are mostly covered in yellow scales. (AC +3)
You regenerate health from kills.
You are mostly covered in sharp spines.


Message History

Nessos is almost dead.
You feel sick.
Nessos casts a spell.
Nessos blinks!
You feel sick.
The sixfirhy hits you but does no damage.
Frances screams a word of power!
Frances seems to speed up.
The sixfirhy attacks as you move away! The sixfirhy is struck by your spines.
The sixfirhy barely misses you.
You feel sick.
Nessos casts a spell.
Nessos blinks!
You feel sick. The sixfirhy is struck by your spines.
The sixfirhy barely misses you. Frances hits you with a +0 scimitar!!
You whack Frances!
Frances is poisoned.
Frances is lightly wounded.
You feel sick.
The sixfirhy hits you but does no damage.
The sixfirhy hits you. The sixfirhy shocks you!
Nessos gestures wildly while chanting.
Nessos blinks!
Frances drinks a potion.
Frances's spells are empowered!
The sixfirhy is struck by your spines.
The sixfirhy hits you but does no damage.
You whack Frances!
Frances looks as sick as possible!
Frances is lightly wounded.
The sixfirhy is struck by your spines. The sixfirhy completely misses you.
Nessos shoots an arrow.
The arrow closely misses you. The sixfirhy barely misses you.
Frances whispers indecipherable words.
Nessos gestures wildly while chanting.
Nessos blinks!
Your skin crawls.
You feel strong-willed.
You feel sick. The sixfirhy hits you. The sixfirhy shocks you!
Frances chants phrases taken from a devil's mouth.
The shard of ice hits you!!!
* * * LOW HITPOINT WARNING * * *
The hellwing closely misses you. The hellwing misses you.
The chaos spawn is struck by your spines.
The chaos spawn gores you.
You die...

............## #.....
.............###........
#..##.........#.........
..#.....................
.#..##..................
##..###.............ยง...
#..#........?...........
####.#.........c3.......
#.#..#.......4@@##.. #
##.#.#......4.#
..###....##.## #
#.#..#.#.# ####### ##


You could see Frances (fast, empowered, extremely poisoned), Nessos (fast,
extremely poisoned, slow), a hellwing (summoned), a sixfirhy (summoned) and a
chaos spawn (summoned).

Vanquished Creatures
  2 boulder beetles
  3 hydras
  2 catoblepae
  A two-headed ogre (D:11)
  6 death yaks (Lair:3)
  Urug (D:10)
  Sonja (Lair:4)
  Nergalle (Lair:3)
  A deep elf pyromancer (Bailey)
  A necromancer (Lair:4)
  An ugly thing (D:11)
  5 cyclopes
  2 manticores
  7 elephants (Lair:2)
  A merfolk siren (Lair:3)
  4 black mambas
  A torpor snail (Lair:4)
  9 cane toads
  Joseph (D:8)
  A gargoyle (D:12)
  A kobold demonologist (D:9)
  6 komodo dragons
  3 trolls
  Grinder (D:6)
  5 hornets
  3 polar bears (Lair:5)
  9 blink frogs
  A dream sheep (Lair:5)
  A culicivora (shapeshifter) (D:12)
  81 yaks
  4 wyverns
  2 shadows
  13 spriggans (Lair:5)
  Eustachio (D:4)
  3 wraiths
  2 basilisks
  Duvessa (D:5)
  12 water moccasins
  9 orc warriors
  A sky beast (D:6)
  6 black bears
  5 boggarts (Lair:5)
  20 wolves
  5 centaurs
  4 ogres
  4 phantoms
  A kobold brigand (D:6)
  8 bullfrogs
  2 necrophages (D:5)
  2 gnoll sergeants (D:11)
  9 scorpions
  7 wights
  Dowan (D:5)
  12 killer bees
  5 howler monkeys
  6 hounds
  4 orc priests
  3 jellies
  5 iguanas
  13 orc wizards
  Natasha (thrice) (D:4)
  7 hell rats (Lair:2)
  5 polar bear simulacra (Lair:4)
  3 wolf simulacra (Lair:4)
  18 gnolls
  3 adders
  A white imp (D:6)
  4 ufetubi
  5 worms
  3 dart slugs
  60 orcs
  7 endoplasms
  2 giant cockroaches
  9 goblins
  12 hobgoblins
  7 jackals
  11 kobolds
  4 quokkas
  5 ball pythons
  2 bats
  4 frilled lizards
  5 rats
  3 river rat simulacra (Lair:4)
515 creatures vanquished.

Vanquished Creatures (collateral kills)
  Amaemon (D:9)
  An orc knight (Bailey)
  An orange demon (D:9)
  3 orc warriors (Bailey)
  2 orcs (Bailey)
8 creatures vanquished.

Vanquished Creatures (others)
  13 bushes (Lair:2)
  34 fungi
  96 plants
143 creatures vanquished.

Grand Total: 666 creatures vanquished

Notes
Turn   | Place    | Note
-------+----------+-------------------------------------------
     0 | D:1      | Kazon the Demonspawn Berserker began the quest for the Orb.
     0 | D:1      | Reached XP level 1. HP: 18/18 MP: 1/1
    32 | D:1      | Identified a scroll of acquirement
    32 | D:1      | Acquired a manual of Long Blades
   289 | D:1      | Gained mutation: You are partially covered in sharp spines.
                  | [demonic ancestry]
   289 | D:1      | Reached XP level 2. HP: 15/24 MP: 2/2
   727 | D:2      | Gained mutation: You regenerate a little health from kills.
                  | [demonic ancestry]
   727 | D:2      | Reached XP level 3. HP: 16/29 MP: 3/3
   924 | D:3      | Found Umat's Antique Weapon Boutique.
  1179 | D:2      | Reached ** piety under Trog
  1488 | D:2      | Reached skill level 1 in Throwing
  1488 | D:2      | Reached XP level 4. HP: 31/37 MP: 4/4
  1668 | D:3      | Bought a crude falchion for 184 gold pieces
  1668 | D:3      | Identified the +3 falchion of Winter {venom, rCorr} (You
                  | bought it in a shop on level 3 of the Dungeon)
  1674 | D:3      | Upgraded the game from 0.29.0-11-gd7f09526c8 to
                  | 0.29.1-1-gd02db6906a
  2071 | D:4      | Noticed Eustachio
  2082 | D:4      | Killed Eustachio
  2083 | D:4      | Reached skill level 1 in Short Blades
  2083 | D:4      | Reached skill level 1 in Long Blades
  2083 | D:4      | Reached skill level 1 in Stealth
  2083 | D:4      | Reached XP level 5. HP: 32/43 MP: 5/5
  2237 | D:4      | Reached XP level 6. HP: 49/49 MP: 6/6
  2284 | D:4      | Reached skill level 2 in Long Blades
  2385 | D:4      | Reached skill level 1 in Evocations
  2393 | D:4      | Reached *** piety under Trog
  2449 | D:4      | Noticed Natasha
  2455 | D:4      | Killed Natasha
  2556 | D:4      | Noticed Natasha
  2562 | D:4      | Killed Natasha
  2594 | D:4      | Noticed Natasha
  2600 | D:4      | Killed Natasha
  2601 | D:4      | Gained mutation: You have sharp fingernails. [demonic
                  | ancestry]
  2601 | D:4      | Reached XP level 7. HP: 55/55 MP: 7/7
  2615 | D:4      | Reached skill level 3 in Long Blades
  2689 | D:4      | Found a hazy altar of Hepliaklqana.
  2878 | D:4      | Reached skill level 4 in Long Blades
  2881 | D:4      | Reached skill level 5 in Fighting
  2941 | D:4      | Gained mutation: You have very sharp fingernails. [demonic
                  | ancestry]
  2941 | D:4      | Reached XP level 8. HP: 62/62 MP: 8/8
  3103 | D:5      | Entered Level 5 of the Dungeon
  3140 | D:5      | Noticed Duvessa
  3140 | D:5      | Noticed Dowan
  3153 | D:5      | Killed Duvessa
  3157 | D:5      | Killed Dowan
  3273 | D:5      | Reached **** piety under Trog
  3287 | D:5      | Reached skill level 5 in Long Blades
  3918 | D:6      | Reached skill level 5 in Throwing
  3989 | D:6      | Noticed Grinder
  3998 | D:6      | Paralysed by Grinder for 2 turns
  4010 | D:6      | Paralysed by Grinder for 5 turns
  4017 | D:6      | Paralysed by Grinder for 3 turns
  4032 | D:6      | Killed Grinder
  4033 | D:6      | Reached skill level 6 in Long Blades
  4033 | D:6      | Gained mutation: You are mostly covered in sharp spines.
                  | [demonic ancestry]
  4033 | D:6      | Reached XP level 9. HP: 67/69 MP: 9/9
  4446 | D:7      | Reached skill level 7 in Long Blades
  4482 | D:7      | Found a hide-covered altar of Uskayaw.
  4536 | D:7      | Found a flagged portal.
  4562 | Bailey   | Entered a bailey
  4676 | Bailey   | Found a large runed translucent door.
  4676 | Bailey   | Found a large runed translucent door.
  4678 | Bailey   | Noticed a deep elf pyromancer
  4678 | Bailey   | Noticed an orc knight
  4681 | Bailey   | HP: 3/71 [orc warrior/+0 glaive (2)]
  4692 | Bailey   | Killed an orc knight
  4693 | Bailey   | Reached skill level 8 in Long Blades
  4693 | Bailey   | Reached skill level 5 in Evocations
  4693 | Bailey   | Gained mutation: You are partially covered in yellow
                  | scales. (AC +2) [demonic ancestry]
  4693 | Bailey   | Reached XP level 10. HP: 21/79 MP: 10/10
  4774 | Bailey   | Killed a deep elf pyromancer
  4958 | D:3      | Bought a runed long sword for 149 gold pieces
  5130 | D:7      | Found a staircase to the Ecumenical Temple.
  5224 | D:7      | Reached skill level 5 in Armour
  5261 | D:7      | Found Qoadapn's Distillery.
  5283 | D:7      | Bought a potion of curing for 39 gold pieces
  5283 | D:7      | Bought 2 potions of curing for 78 gold pieces
  5490 | D:8      | Noticed Joseph
  5499 | D:8      | Paralysed by Joseph for 2 turns
  5508 | D:8      | Killed Joseph
  5560 | D:8      | Reached skill level 9 in Long Blades
  5661 | D:8      | Found Doje's Gadget Gallery.
  6081 | D:9      | Noticed a boulder beetle
  6100 | D:9      | Killed a boulder beetle
  6197 | D:9      | Gained mutation: You are mostly covered in yellow scales.
                  | (AC +3) [demonic ancestry]
  6197 | D:9      | Reached XP level 11. HP: 79/86 MP: 11/11
  6280 | D:9      | Noticed Amaemon
  6328 | D:9      | Killed Amaemon
  6329 | D:9      | Reached skill level 10 in Long Blades
  6593 | D:9      | Noticed a sixfirhy
  6770 | D:10     | Entered Level 10 of the Dungeon
  6783 | D:10     | Found Jack's Fire Supplies.
  7052 | D:10     | Reached ***** piety under Trog
  7100 | D:10     | Noticed Urug
  7115 | D:10     | Killed Urug
  7217 | D:10     | Found a staircase to the Lair.
  7226 | D:10     | Noticed a four-headed hydra
  7527 | D:10     | Reached skill level 11 in Long Blades
  7623 | D:11     | Noticed a two-headed ogre
  7633 | D:11     | Killed a two-headed ogre
  7634 | D:11     | Reached skill level 5 in Dodging
  7702 | Lair:1   | Entered Level 1 of the Lair of Beasts
  7862 | Lair:1   | Reached XP level 12. HP: 94/97 MP: 12/12
  7877 | Lair:1   | Reached skill level 10 in Fighting
  8286 | Lair:1   | Noticed a catoblepas
  8313 | Lair:1   | Killed a catoblepas
  8399 | Lair:2   | Noticed a boulder beetle
  8575 | Lair:2   | Noticed a catoblepas
  8594 | Lair:2   | Killed a catoblepas
  8878 | Lair:2   | Reached skill level 5 in Maces & Flails
  8917 | Lair:2   | Killed a boulder beetle
  9415 | Lair:2   | Received a gift from Trog
  9777 | Lair:3   | Found a staircase to the Shoals.
  9880 | Lair:3   | Found a hole to the Spider Nest.
  9994 | Lair:3   | Reached skill level 12 in Long Blades
 10013 | Lair:3   | Noticed Nergalle
 10040 | Lair:3   | Killed Nergalle
 10041 | Lair:3   | Reached XP level 13. HP: 57/92 MP: 13/13
 10536 | Lair:4   | Found a staircase to the Slime Pits.
 10536 | Lair:4   | Found a viscous altar of Jiyva.
 10614 | Lair:4   | Noticed Sonja
 10616 | Lair:4   | Killed Sonja
 10690 | Lair:4   | Reached skill level 13 in Long Blades
 11173 | Lair:5   | Entered Level 5 of the Lair of Beasts
 11282 | Lair:5   | Reached ****** piety under Trog
 11529 | Lair:5   | Received a gift from Trog
 11620 | Lair:5   | Reached skill level 10 in Evocations
 11758 | Lair:5   | Gained mutation: You regenerate health from kills. [demonic
                  | ancestry]
 11758 | Lair:5   | Reached XP level 14. HP: 113/115 MP: 14/14
 13320 | D:12     | Received a gift from Trog
 13565 | D:12     | Noticed Nessos
 13577 | D:12     | Noticed Frances
 13584 | D:12     | HP: 3/116 [Frances/shard of ice (49)]
 13584 | D:12     | Slain by a chaos spawn

Illustrated notes

Levels and vault maps discovered:
D:1:      dpeg_arrival_three_smaller_balls, layout_basic
D:2:      layout_loops_ring
D:3:      layout_basic, serial_shops, nicolae_shop_stone, st_stairs_7
D:4:      minmay_razor_zed, layout_basic, worldfamousw_hep_ancestral_shrine,
          uniq_eustachio, uniq_natasha
D:5:      layout_basic, uniq_duvessa
D:6:      layout_rooms, minmay_manual_macuahuitl, uniq_grinder
D:7:      layout_cave_pools, nicolae_uskayaw_suspiria,
          nicolae_elyvilon_peaceful_grove, minmay_temple_entry_overgrown,
          serial_shops, nicolae_shop_stone, enter_bailey_7
D:8:      layout_basic, nicolae_shop_gadgets, uniq_joseph
D:9:      layout_rooms, uniq_amaemon
D:10:     minmay_chambers_of_sixes, layout_irregular_city, lair_entry_dummy,
          nicolae_shop_fire_sale [nicolae_sub_dead_trees], uniq_urug
D:11:     layout_loops_cross
D:12:     layout_big_octagon, hiddenorc2_lemuel, portal_ice_cave_rime,
          uniq_frances, uniq_nessos
Lair:1:   layout_long_grid, fungi_pond_lemuel, cheibrodos_lair_reptile_den
Lair:2:   layout_layer_cave, serial_forest, infiniplex_forest_zigzag_1,
          infiniplex_forest_lined_1, infiniplex_forest_end_double,
          infiniplex_forest_clump_double, infiniplex_forest_clump_curved,
          infiniplex_forest_lined_3_way, grunt_forest_small_clearing_treed,
          infiniplex_staircase_pool
Lair:3:   layout_loops_ring, minmay_shoals_entry_lonely_mermaid,
          nicolae_spider_entry_non_spiders, small_statue_intersection,
          uniq_nergalle
Lair:4:   layout_roguey, slime_entry_1, eino_house_with_fridge, uniq_sonja
Lair:5:   minmay_lair_end_enchanted_forest, layout_cave_pods,
          chequers_serial_rivers_small_3, serial_bayou_shore_b

Skill      XL: |  1  2  3  4  5  6  7  8  9 10 11 12 13 14 |
---------------+-------------------------------------------+-----
Maces & Flails | 3 6 7 8 |  8.2
Dodging        | 2 3 4 5 |  5.4
Throwing       | 1 2 3 4 5 6 8 9 |  9.4
Fighting       | 4 5 7 8 9 11 12 | 12.5
Short Blades   | 1 2 |  2.1
Long Blades    | 1 2 4 6 8 9 11 12 13 | 13.4
Stealth        | 1 2 3 |  3.1
Evocations     | 1 2 3 5 6 7 9 10 | 10.2
Armour         | 2 3 4 5 6 7 8 |  8.1

Action                   |  1- 3 |  4- 6 |  7- 9 | 10-12 | 13-15 || total
-------------------------+-------+-------+-------+-------+-------++-------
Melee: Mace              |    52 |       |       |       |       ||    52
       Dagger            |    17 |    90 |    10 |       |     2 ||   119
       Punch             |     1 |       |     3 |    10 |     7 ||    21
       Falchion          |       |    13 |   219 |   212 |       ||   444
       Long sword        |       |       |       |    96 |       ||    96
       Demon whip        |       |       |       |   214 |   421 ||   635
       Triple sword      |       |       |       |    65 |   128 ||   193
Throw: Stone             |    10 |    11 |       |    53 |    18 ||    92
       Dart              |       |    23 |    63 |   131 |    57 ||   274
       Boomerang         |       |       |     1 |    28 |     2 ||    31
       Javelin           |       |       |       |       |     8 ||     8
Invok: Berserk           |       |       |     3 |     5 |     2 ||    10
       Trog's Hand       |       |       |     1 |     1 |     3 ||     5
       Brothers in Arms  |       |       |     1 |     1 |       ||     2
Evoke: Wand              |       |       |       |     3 |     1 ||     4
  Use: Scroll            |     1 |       |     1 |     4 |     5 ||    11
 Stab: Sleeping          |     1 |     2 |       |     1 |     1 ||     5
Armor: Animal skin       |    10 |    11 |       |       |       ||    21
       Scale mail        |       |     7 |    98 |       |       ||   105
       Plate armour      |       |       |       |   197 |   227 ||   424
       Troll leather arm |       |       |       |    61 |    33 ||    94
Dodge: Dodged            |    55 |    43 |   104 |   243 |   224 ||   669
